cohdb
Replays
Latest Replays
All Replays
Popular Replays
Top Player Replays
Match Explorer
How It Works
Community
CoH3 Stats
Reddit
Sign in to upload your games and track your stats! →
Sign in with Steam
Match 38050269
Unlisted
Match 38050269
Overview
Messages
Build Orders
End
Construct Barracks
Riflemen Squad
Riflemen Squad
Construct Weapon Support Center
Bazooka Squad
M1919 Machine Gun Team
Construct Medical Station
Riflemen Squad
Infantry Support Center
Selects Armored Battlegroup
Selects Armored Battlegroup
M1918 Browning Automatic Rifles
Bazooka Squad
Selects Fast Deploy
Bazooka Squad
Construct Tank Depot
Selects M8 Scott SPG
Selects UNKNOWN (2160077)
Selects Veteran Crews
Selects M31 Recovery Vehicle
M4A3E8 Sherman Easy Eight
Engineer Squad
Grenade Package
Bazooka Squad
Riflemen Squad
Selects War Machine
M4A3E8 Sherman Easy Eight
sharpshooter
mattw02823
Spades86
RedLeaderToBase
0
0
Comments
sign in to comment!
No comments posted yet!